General information
			
			
        
        - name: BNet
 
        - type: Ladder team game (AT/RT)
 
        - host: Battle.net
 
        - saver: butter15
 
        
map: Friends 
        - players: 8
 
        - length: 62:23
 
        - speed: Fast
 - version: 1.22 W3XP
 - replay type:  

 
» download(589 KB)
Players
        team 1 (winner) 
              
              
butter15 (
red | 99 APM | 6169 actions | 62:23)
              
 4 Archmage 
 2 Blizzard
 2 Brilliance Aura
 5 Mountain King 
 3 Storm Bolt
 2 Bash
 4 Paladin 
 2 Holy Light
 2 Divine Shield
 
                » actions 
                
                | Assign group hotkey | 13 |  | 
| Basic commands | 6 |  | 
| Build / train | 239 |  | 
| Enter build submenu | 141 |  | 
| Enter hero's abilities submenu | 15 |  | 
| Give item / drop item | 12 |  | 
| Remove unit from queue | 3 |  | 
| Right click | 3395 |  | 
| Select / deselect | 957 |  | 
| Select group hotkey | 701 |  | 
| Use ability | 685 |  | 
                6169 total
 » units 
                
                | Peasant | 17 |  | 
| Goblin Zeppelin | 1 |  | 
| Flying Machine | 14 |  | 
| Priest | 1 |  | 
                33 total
 » upgrades
                
                | Masonry | 3 |  | 
| Lumber Harvesting | 1 |  | 
| Gunpowder | 3 |  | 
| Fragmentation Shards | 1 |  | 
| Plating | 3 |  | 
| Magic Sentry | 1 |  | 
| Flak Cannons | 1 |  | 
| Priest Training | 1 |  | 
| Sorceress Training | 1 |  | 
| Armor | 1 |  | 
| Swords | 1 |  | 
                17 total
 » buildings
                
                | Altar of Kings | 1 |  | 
| Farm | 6 |  | 
| Lumber Mill | 1 |  | 
| Scout Tower | 257 |  | 
| Arcane Tower | 17 |  | 
| Guard Tower | 115 |  | 
| Keep | 1 |  | 
| Town Hall | 2 |  | 
| Castle | 1 |  | 
| Arcane Vault | 2 |  | 
| Blacksmith | 1 |  | 
| Workshop | 2 |  | 
| Arcane Sanctum | 2 |  | 
                408 total
 » build order
                00:13 Altar of Kings
00:21 Farm
00:27 Lumber Mill
00:48 Scout Tower
01:00 Farm
01:36 Arcane Tower
01:36 Arcane Tower
01:54 Scout Tower
01:56 Scout Tower
02:17 Scout Tower
02:23 Scout Tower
02:26 Guard Tower
03:00 Guard Tower
03:02 Scout Tower
03:04 Guard Tower
03:05 Scout Tower
03:08 Scout Tower
03:33 Guard Tower
03:36 Scout Tower
03:38 Guard Tower
03:43 Scout Tower
03:48 Guard Tower
03:48 Guard Tower
03:48 Guard Tower
03:57 Scout Tower
04:15 Arcane Tower
04:45 Guard Tower
04:48 Scout Tower
04:49 Scout Tower
04:51 Scout Tower
04:54 Arcane Tower
05:02 Scout Tower
05:05 Scout Tower
05:34 Guard Tower
05:52 Scout Tower
05:54 Scout Tower
05:55 Scout Tower
05:56 Scout Tower
06:10 Guard Tower
06:11 Guard Tower
06:29 Guard Tower
06:36 Scout Tower
06:40 Scout Tower
06:41 Scout Tower
06:42 Scout Tower
07:27 Arcane Tower
07:28 Guard Tower
07:28 Guard Tower
07:30 Scout Tower
07:31 Scout Tower
07:32 Scout Tower
07:34 Keep
08:06 Guard Tower
08:06 Guard Tower
08:09 Scout Tower
08:11 Scout Tower
08:12 Scout Tower
08:16 Farm
08:39 Guard Tower
08:39 Guard Tower
08:40 Guard Tower
08:43 Scout Tower
08:44 Scout Tower
08:45 Scout Tower
09:12 Scout Tower
09:13 Guard Tower
09:13 Guard Tower
09:17 Scout Tower
09:17 Scout Tower
09:20 Scout Tower
09:29 Scout Tower
09:30 Scout Tower
09:41 Scout Tower
09:42 Scout Tower
09:43 Scout Tower
09:44 Scout Tower
09:51 Guard Tower
10:02 Guard Tower
10:16 Guard Tower
10:17 Guard Tower
10:19 Scout Tower
10:20 Scout Tower
10:22 Scout Tower
10:45 Scout Tower
10:47 Scout Tower
10:48 Scout Tower
10:48 Guard Tower
10:49 Guard Tower
10:50 Arcane Tower
10:51 Arcane Tower
11:16 Guard Tower
11:17 Guard Tower
11:17 Guard Tower
11:26 Guard Tower
11:29 Scout Tower
11:40 Scout Tower
11:41 Scout Tower
11:43 Scout Tower
12:15 Guard Tower
12:22 Guard Tower
14:31 Guard Tower
14:33 Scout Tower
14:34 Scout Tower
14:34 Scout Tower
14:35 Scout Tower
14:36 Scout Tower
14:37 Scout Tower
14:38 Scout Tower
14:40 Scout Tower
14:40 Scout Tower
14:41 Scout Tower
14:43 Scout Tower
14:43 Scout Tower
14:44 Scout Tower
14:48 Guard Tower
15:02 Town Hall
15:04 Guard Tower
16:36 Guard Tower
16:42 Guard Tower
16:45 Guard Tower
16:47 Arcane Tower
16:48 Arcane Tower
16:49 Guard Tower
17:05 Scout Tower
17:06 Scout Tower
17:07 Scout Tower
17:09 Scout Tower
17:10 Scout Tower
17:10 Scout Tower
18:10 Guard Tower
18:11 Guard Tower
18:34 Guard Tower
18:35 Guard Tower
18:36 Guard Tower
18:37 Guard Tower
18:38 Guard Tower
18:38 Guard Tower
18:42 Scout Tower
18:47 Scout Tower
20:24 Castle
20:26 Guard Tower
20:29 Scout Tower
20:30 Scout Tower
20:31 Scout Tower
20:32 Scout Tower
20:44 Guard Tower
20:47 Arcane Vault
20:49 Scout Tower
20:51 Scout Tower
20:59 Guard Tower
21:03 Arcane Vault
21:18 Guard Tower
21:20 Scout Tower
21:24 Scout Tower
21:25 Guard Tower
21:26 Guard Tower
21:58 Guard Tower
22:05 Blacksmith
22:08 Farm
22:09 Farm
22:46 Farm
22:49 Guard Tower
22:49 Guard Tower
24:27 Workshop
25:26 Workshop
26:35 Arcane Sanctum
26:36 Arcane Sanctum
27:28 Scout Tower
27:30 Scout Tower
27:31 Scout Tower
27:32 Scout Tower
27:33 Scout Tower
27:34 Scout Tower
27:35 Scout Tower
28:14 Guard Tower
28:33 Guard Tower
29:03 Guard Tower
29:06 Scout Tower
29:07 Scout Tower
29:08 Scout Tower
29:09 Scout Tower
29:25 Guard Tower
30:05 Guard Tower
30:06 Scout Tower
30:34 Guard Tower
30:37 Scout Tower
31:00 Guard Tower
31:01 Arcane Tower
31:35 Arcane Tower
32:07 Scout Tower
32:08 Scout Tower
32:09 Scout Tower
32:10 Scout Tower
32:10 Scout Tower
32:14 Scout Tower
32:15 Scout Tower
32:15 Scout Tower
32:16 Scout Tower
32:26 Scout Tower
32:43 Guard Tower
33:07 Guard Tower
33:09 Guard Tower
33:23 Guard Tower
33:43 Guard Tower
34:21 Scout Tower
35:24 Guard Tower
35:33 Scout Tower
35:33 Scout Tower
35:34 Scout Tower
35:35 Scout Tower
35:51 Scout Tower
35:52 Scout Tower
35:54 Scout Tower
36:26 Guard Tower
36:30 Guard Tower
36:51 Guard Tower
36:59 Guard Tower
37:30 Guard Tower
37:33 Scout Tower
38:46 Guard Tower
39:01 Scout Tower
39:02 Scout Tower
39:03 Scout Tower
39:03 Scout Tower
39:38 Guard Tower
40:12 Guard Tower
41:31 Scout Tower
41:32 Scout Tower
41:33 Scout Tower
42:03 Arcane Tower
42:04 Guard Tower
42:06 Scout Tower
42:07 Scout Tower
42:07 Scout Tower
42:08 Scout Tower
42:08 Scout Tower
42:09 Scout Tower
42:15 Guard Tower
42:37 Guard Tower
43:41 Guard Tower
43:44 Scout Tower
43:45 Scout Tower
43:45 Scout Tower
43:46 Scout Tower
43:47 Scout Tower
43:48 Scout Tower
44:37 Guard Tower
45:35 Guard Tower
45:43 Scout Tower
45:43 Scout Tower
45:44 Scout Tower
45:58 Scout Tower
46:00 Scout Tower
46:01 Scout Tower
46:03 Scout Tower
46:03 Scout Tower
46:04 Scout Tower
46:05 Scout Tower
46:05 Scout Tower
46:06 Scout Tower
46:07 Scout Tower
46:07 Scout Tower
46:08 Scout Tower
46:09 Scout Tower
46:10 Scout Tower
46:11 Scout Tower
46:12 Scout Tower
46:12 Scout Tower
46:13 Scout Tower
46:14 Scout Tower
46:15 Scout Tower
46:16 Scout Tower
46:17 Scout Tower
46:17 Scout Tower
46:19 Scout Tower
46:30 Arcane Tower
46:31 Arcane Tower
46:32 Guard Tower
47:56 Scout Tower
47:57 Scout Tower
47:57 Scout Tower
47:59 Scout Tower
47:59 Scout Tower
48:01 Scout Tower
48:01 Scout Tower
48:03 Scout Tower
49:26 Town Hall
49:29 Scout Tower
49:30 Scout Tower
49:31 Scout Tower
49:33 Scout Tower
49:33 Scout Tower
49:34 Scout Tower
49:56 Guard Tower
49:58 Arcane Tower
49:58 Guard Tower
49:59 Guard Tower
50:01 Scout Tower
50:01 Scout Tower
50:23 Guard Tower
50:28 Guard Tower
50:42 Guard Tower
52:42 Guard Tower
53:16 Scout Tower
53:17 Scout Tower
53:17 Scout Tower
55:09 Guard Tower
55:11 Guard Tower
55:21 Scout Tower
55:22 Scout Tower
55:22 Scout Tower
55:23 Scout Tower
55:24 Scout Tower
55:24 Scout Tower
55:25 Scout Tower
55:26 Scout Tower
55:27 Scout Tower
55:28 Scout Tower
55:42 Guard Tower
55:43 Scout Tower
55:44 Scout Tower
55:44 Scout Tower
55:45 Scout Tower
55:45 Scout Tower
55:46 Scout Tower
55:46 Scout Tower
55:47 Scout Tower
55:47 Scout Tower
55:48 Scout Tower
55:49 Scout Tower
55:49 Scout Tower
56:15 Guard Tower
56:17 Scout Tower
56:18 Scout Tower
56:18 Scout Tower
56:20 Scout Tower
56:20 Scout Tower
56:22 Guard Tower
56:26 Guard Tower
56:38 Scout Tower
56:52 Guard Tower
56:55 Scout Tower
56:56 Scout Tower
56:57 Scout Tower
57:15 Guard Tower
57:22 Scout Tower
57:22 Scout Tower
57:23 Scout Tower
57:24 Guard Tower
57:27 Scout Tower
57:27 Scout Tower
57:28 Scout Tower
57:30 Scout Tower
57:31 Scout Tower
57:32 Scout Tower
57:33 Scout Tower
57:34 Scout Tower
57:34 Scout Tower
57:36 Scout Tower
57:36 Scout Tower
57:37 Scout Tower
57:39 Scout Tower
57:40 Scout Tower
57:41 Scout Tower
58:53 Guard Tower
58:57 Scout Tower
58:58 Scout Tower
58:59 Scout Tower
59:00 Guard Tower
59:03 Scout Tower
59:04 Scout Tower
59:04 Scout Tower
59:05 Scout Tower
59:06 Scout Tower
59:06 Scout Tower
59:08 Scout Tower
59:08 Scout Tower
59:11 Scout Tower
59:11 Scout Tower
59:25 Guard Tower
60:21 Guard Tower
60:22 Guard Tower
60:24 Guard Tower
60:25 Guard Tower
60:31 Scout Tower
60:32 Scout Tower
60:33 Scout Tower
60:33 Scout Tower
60:34 Scout Tower
60:35 Scout Tower
60:36 Scout Tower
60:37 Scout Tower
60:37 Scout Tower
60:38 Scout Tower
60:39 Guard Tower
61:00 Guard Tower
61:01 Scout Tower
61:03 Scout Tower
61:03 Scout Tower
61:05 Scout Tower
61:06 Scout Tower
61:07 Scout Tower
» items
                
                | Healing Salve | 4 |  | 
| Lesser Clarity Potion | 6 |  | 
| Orb of Lightning | 4 |  | 
| Potion of Divinity | 1 |  | 
| Wand of the Wind | 1 |  | 
| Ice Shard | 1 |  | 
| Staff of Sanctuary | 3 |  | 
| Belt of Giant Strength +6 | 3 |  | 
| Scroll of Regeneration | 2 |  | 
| Robe of the Magi +6 | 3 |  | 
| Healing Wards | 1 |  | 
| Sobi Mask | 1 |  | 
| Inferno Stone | 2 |  | 
                32 total
  
               
              
              
Gobiner (
green | 59 APM | 3705 actions | 62:21)
              
 9 Blademaster 
 3 Wind Walk
 3 Critical Strike
 1 Bladestorm
 2 Mirror Image
 
                » actions 
                
                | Assign group hotkey | 26 |  | 
| Basic commands | 13 |  | 
| Build / train | 141 |  | 
| ESC pressed | 9 |  | 
| Enter build submenu | 167 |  | 
| Enter hero's abilities submenu | 9 |  | 
| Give item / drop item | 3 |  | 
| Right click | 1601 |  | 
| Select / deselect | 488 |  | 
| Select group hotkey | 675 |  | 
| Use ability | 573 |  | 
                3705 total
 » units 
                
                | Peon | 38 |  | 
| Goblin Zeppelin | 1 |  | 
| Goblin Shredder | 2 |  | 
| Troll Batrider | 24 |  | 
                65 total
 » upgrades
                
                | Reinforced Defenses | 1 |  | 
| Pillage | 1 |  | 
| Backpack | 1 |  | 
| Liquid Fire | 1 |  | 
| Ranged Weapons | 3 |  | 
| Armor | 3 |  | 
| Spiked Barricades | 3 |  | 
| Troll Regeneration | 1 |  | 
| Burning Oil | 1 |  | 
| Berserker Upgrade | 1 |  | 
| Berserker Strength | 1 |  | 
| Melee Weapons | 3 |  | 
                20 total
 » buildings
                
                | Altar of Storms | 1 |  | 
| Orc Burrow | 8 |  | 
| War Mill | 2 |  | 
| Voodoo Lounge | 3 |  | 
| Watch Tower | 134 |  | 
| Stronghold | 1 |  | 
| Great Hall | 2 |  | 
| Fortress | 1 |  | 
| Beastiary | 7 |  | 
| Barracks | 1 |  | 
                160 total
 » build order
                00:08 Altar of Storms
00:21 Orc Burrow
00:31 War Mill
01:19 Voodoo Lounge
01:45 Watch Tower
02:05 Orc Burrow
02:41 Watch Tower
03:07 Watch Tower
03:32 Watch Tower
03:51 Watch Tower
04:10 Watch Tower
05:16 Watch Tower
05:23 Watch Tower
05:34 Stronghold
05:36 Watch Tower
06:01 Watch Tower
06:07 Watch Tower
06:27 Watch Tower
06:43 Watch Tower
08:40 Watch Tower
08:46 Watch Tower
08:47 Watch Tower
09:18 Watch Tower
09:20 Watch Tower
09:30 Watch Tower
10:02 Great Hall
10:39 Fortress
11:16 Watch Tower
11:17 Watch Tower
11:18 Watch Tower
11:28 Orc Burrow
11:29 Orc Burrow
11:30 Orc Burrow
12:33 Watch Tower
12:34 Watch Tower
12:35 Watch Tower
12:57 Beastiary
12:58 Beastiary
13:40 Watch Tower
13:53 Watch Tower
15:01 Watch Tower
15:02 Watch Tower
15:27 Voodoo Lounge
16:07 Watch Tower
16:09 Watch Tower
16:29 Watch Tower
16:30 Watch Tower
17:18 Watch Tower
17:19 Watch Tower
17:54 Watch Tower
17:55 Watch Tower
17:57 Watch Tower
17:58 Watch Tower
18:19 Watch Tower
20:03 Watch Tower
20:08 Watch Tower
20:45 Watch Tower
20:46 Watch Tower
21:28 Beastiary
21:29 Beastiary
22:11 War Mill
22:37 Beastiary
22:45 Orc Burrow
22:55 Orc Burrow
22:58 Orc Burrow
23:37 Watch Tower
23:40 Watch Tower
23:41 Watch Tower
23:54 Watch Tower
24:26 Watch Tower
24:29 Watch Tower
24:32 Watch Tower
24:37 Watch Tower
25:04 Watch Tower
25:36 Watch Tower
25:47 Watch Tower
26:00 Watch Tower
26:05 Watch Tower
26:48 Watch Tower
26:52 Watch Tower
28:34 Great Hall
28:38 Watch Tower
28:40 Watch Tower
28:42 Watch Tower
28:45 Watch Tower
29:52 Watch Tower
29:53 Watch Tower
29:55 Watch Tower
29:56 Watch Tower
32:00 Voodoo Lounge
33:24 Barracks
33:37 Beastiary
33:38 Beastiary
34:42 Watch Tower
35:51 Watch Tower
36:56 Watch Tower
36:57 Watch Tower
37:59 Watch Tower
38:03 Watch Tower
39:07 Watch Tower
39:08 Watch Tower
40:14 Watch Tower
40:16 Watch Tower
41:20 Watch Tower
41:23 Watch Tower
44:50 Watch Tower
45:35 Watch Tower
45:39 Watch Tower
46:03 Watch Tower
46:41 Watch Tower
47:10 Watch Tower
47:11 Watch Tower
47:18 Watch Tower
47:42 Watch Tower
47:48 Watch Tower
48:39 Watch Tower
48:41 Watch Tower
48:43 Watch Tower
48:52 Watch Tower
48:56 Watch Tower
49:49 Watch Tower
49:53 Watch Tower
50:05 Watch Tower
50:48 Watch Tower
50:58 Watch Tower
51:53 Watch Tower
51:54 Watch Tower
51:56 Watch Tower
51:58 Watch Tower
52:22 Watch Tower
53:01 Watch Tower
53:02 Watch Tower
53:05 Watch Tower
54:03 Watch Tower
54:05 Watch Tower
54:07 Watch Tower
54:08 Watch Tower
55:57 Watch Tower
55:58 Watch Tower
55:59 Watch Tower
56:00 Watch Tower
56:50 Watch Tower
56:54 Watch Tower
56:56 Watch Tower
56:58 Watch Tower
58:29 Watch Tower
58:36 Watch Tower
58:37 Watch Tower
59:33 Watch Tower
59:35 Watch Tower
59:40 Watch Tower
59:42 Watch Tower
60:55 Watch Tower
60:56 Watch Tower
60:57 Watch Tower
60:58 Watch Tower
62:08 Watch Tower
62:08 Watch Tower
62:11 Watch Tower
62:12 Watch Tower
» items
                
                | Lesser Clarity Potion | 16 |  | 
| Healing Salve | 6 |  | 
| Orb of Lightning | 1 |  | 
| Potion of Divinity | 4 |  | 
| Potion of Healing | 1 |  | 
| Scroll of Speed | 1 |  | 
| Ankh of Reincarnation | 2 |  | 
| Potion of Mana | 1 |  | 
| Scourge Bone Chimes | 1 |  | 
| Runed Bracers | 1 |  | 
| Health Stone | 2 |  | 
| Boots of Quel'Thalas +6 | 1 |  | 
| Inferno Stone | 1 |  | 
| Mana Stone | 1 |  | 
| Potion of Restoration | 1 |  | 
| Mechanical Critter | 2 |  | 
                42 total
  
               
              
              
piano (
yellow | 96 APM | 5966 actions | 62:21)
              
 5 Archmage 
 3 Blizzard
 2 Brilliance Aura
 5 Blood Mage 
 3 Flame Strike
 2 Siphon Mana
 4 Firelord 
 2 Soul Burn
 2 Summon Lava Spawn
 
                » actions 
                
                | Assign group hotkey | 3 |  | 
| Basic commands | 258 |  | 
| Build / train | 279 |  | 
| ESC pressed | 13 |  | 
| Enter build submenu | 153 |  | 
| Enter hero's abilities submenu | 14 |  | 
| Give item / drop item | 3 |  | 
| Right click | 2611 |  | 
| Select / deselect | 1211 |  | 
| Select group hotkey | 718 |  | 
| Use ability | 703 |  | 
                5966 total
 » units 
                » upgrades
                
                | Masonry | 3 |  | 
| Lumber Harvesting | 2 |  | 
| Magic Sentry | 1 |  | 
                6 total
 » buildings
                
                | Altar of Kings | 2 |  | 
| Farm | 5 |  | 
| Lumber Mill | 4 |  | 
| Scout Tower | 521 |  | 
| Arcane Tower | 27 |  | 
| Guard Tower | 171 |  | 
| Arcane Vault | 2 |  | 
| Keep | 1 |  | 
| Town Hall | 3 |  | 
| Castle | 1 |  | 
| Blacksmith | 1 |  | 
| Barracks | 1 |  | 
| Arcane Sanctum | 1 |  | 
                740 total
 » build order
                00:09 Altar of Kings
00:16 Farm
00:22 Lumber Mill
00:38 Lumber Mill
00:45 Scout Tower
00:48 Scout Tower
00:59 Scout Tower
01:10 Farm
01:23 Arcane Tower
01:26 Scout Tower
01:28 Scout Tower
01:43 Scout Tower
01:56 Scout Tower
01:57 Scout Tower
01:58 Scout Tower
02:06 Scout Tower
02:08 Guard Tower
02:11 Scout Tower
02:17 Arcane Tower
02:21 Guard Tower
02:28 Scout Tower
02:35 Scout Tower
02:36 Scout Tower
02:38 Scout Tower
02:45 Scout Tower
02:47 Guard Tower
03:02 Scout Tower
03:02 Guard Tower
03:27 Scout Tower
03:29 Guard Tower
03:30 Guard Tower
03:32 Scout Tower
03:32 Scout Tower
03:33 Scout Tower
03:34 Scout Tower
03:36 Guard Tower
03:39 Guard Tower
03:42 Scout Tower
03:43 Scout Tower
03:43 Scout Tower
03:45 Arcane Tower
03:48 Guard Tower
03:57 Scout Tower
03:58 Scout Tower
04:02 Guard Tower
04:09 Guard Tower
04:17 Scout Tower
04:20 Arcane Tower
04:23 Guard Tower
04:26 Guard Tower
04:28 Arcane Tower
04:45 Lumber Mill
04:48 Arcane Vault
04:55 Scout Tower
04:56 Scout Tower
04:57 Guard Tower
05:00 Scout Tower
05:01 Arcane Tower
05:04 Guard Tower
05:12 Scout Tower
05:12 Scout Tower
05:13 Scout Tower
05:15 Guard Tower
05:22 Scout Tower
05:22 Scout Tower
05:25 Guard Tower
05:36 Guard Tower
05:37 Scout Tower
05:59 Arcane Vault
06:00 Guard Tower
06:03 Scout Tower
06:04 Scout Tower
06:04 Scout Tower
06:12 Guard Tower
06:27 Farm
06:31 Guard Tower
06:34 Scout Tower
06:35 Scout Tower
06:40 Guard Tower
06:56 Guard Tower
07:02 Guard Tower
07:13 Scout Tower
07:14 Scout Tower
07:15 Scout Tower
07:16 Scout Tower
07:34 Guard Tower
07:41 Guard Tower
07:49 Guard Tower
08:15 Scout Tower
08:16 Scout Tower
08:17 Scout Tower
08:19 Scout Tower
08:21 Scout Tower
08:23 Scout Tower
08:24 Scout Tower
08:25 Scout Tower
08:26 Scout Tower
08:30 Keep
08:36 Scout Tower
09:05 Guard Tower
09:08 Guard Tower
09:17 Guard Tower
09:23 Scout Tower
09:25 Guard Tower
09:42 Scout Tower
09:43 Guard Tower
09:49 Guard Tower
09:52 Guard Tower
09:57 Scout Tower
09:58 Scout Tower
10:00 Scout Tower
10:01 Scout Tower
10:02 Scout Tower
10:03 Scout Tower
10:04 Scout Tower
10:05 Scout Tower
10:11 Scout Tower
10:22 Scout Tower
10:23 Scout Tower
10:24 Scout Tower
10:41 Guard Tower
10:46 Guard Tower
10:50 Scout Tower
10:50 Scout Tower
11:07 Scout Tower
11:08 Scout Tower
11:09 Scout Tower
11:12 Guard Tower
11:25 Guard Tower
11:43 Guard Tower
12:11 Guard Tower
12:19 Farm
12:19 Farm
12:36 Guard Tower
13:17 Scout Tower
13:18 Scout Tower
13:19 Scout Tower
13:20 Scout Tower
13:20 Scout Tower
13:21 Scout Tower
13:24 Guard Tower
13:39 Town Hall
14:01 Guard Tower
14:07 Scout Tower
14:08 Scout Tower
14:08 Scout Tower
14:09 Scout Tower
14:10 Scout Tower
14:10 Scout Tower
14:27 Castle
14:40 Guard Tower
15:29 Guard Tower
15:37 Scout Tower
15:37 Scout Tower
15:42 Scout Tower
15:43 Scout Tower
15:47 Blacksmith
15:50 Barracks
16:13 Guard Tower
16:34 Guard Tower
16:37 Arcane Sanctum
16:39 Guard Tower
16:41 Scout Tower
16:43 Guard Tower
17:09 Guard Tower
17:12 Scout Tower
17:12 Scout Tower
17:14 Scout Tower
17:14 Scout Tower
17:15 Scout Tower
17:16 Scout Tower
17:21 Lumber Mill
17:27 Scout Tower
17:28 Scout Tower
17:29 Scout Tower
17:30 Scout Tower
17:31 Scout Tower
17:32 Scout Tower
18:07 Scout Tower
18:07 Scout Tower
18:09 Scout Tower
18:10 Scout Tower
18:11 Scout Tower
18:11 Scout Tower
18:38 Guard Tower
19:16 Scout Tower
19:16 Scout Tower
19:17 Scout Tower
19:17 Scout Tower
19:18 Scout Tower
19:19 Scout Tower
19:31 Guard Tower
20:09 Scout Tower
20:09 Scout Tower
20:10 Scout Tower
20:10 Scout Tower
20:13 Town Hall
20:49 Scout Tower
20:50 Scout Tower
20:50 Scout Tower
20:52 Scout Tower
20:53 Scout Tower
20:54 Scout Tower
20:55 Scout Tower
20:56 Scout Tower
20:57 Scout Tower
20:57 Scout Tower
20:58 Scout Tower
20:59 Scout Tower
21:00 Scout Tower
21:01 Scout Tower
21:01 Scout Tower
21:02 Scout Tower
21:03 Scout Tower
21:13 Guard Tower
21:25 Guard Tower
21:51 Guard Tower
21:57 Guard Tower
21:59 Guard Tower
22:04 Guard Tower
22:14 Guard Tower
22:26 Guard Tower
22:29 Guard Tower
22:54 Guard Tower
22:56 Scout Tower
22:56 Scout Tower
22:57 Scout Tower
22:58 Scout Tower
23:01 Scout Tower
23:01 Scout Tower
23:02 Scout Tower
23:03 Scout Tower
23:06 Scout Tower
23:07 Scout Tower
23:08 Scout Tower
23:09 Scout Tower
23:11 Guard Tower
23:18 Scout Tower
23:18 Scout Tower
23:19 Scout Tower
23:34 Guard Tower
23:55 Guard Tower
24:20 Guard Tower
24:41 Guard Tower
24:45 Guard Tower
24:47 Scout Tower
24:49 Scout Tower
24:52 Scout Tower
24:53 Scout Tower
25:24 Guard Tower
26:07 Guard Tower
26:38 Scout Tower
26:39 Scout Tower
26:40 Scout Tower
26:41 Scout Tower
26:44 Scout Tower
26:45 Scout Tower
26:46 Scout Tower
26:48 Scout Tower
26:49 Scout Tower
26:50 Scout Tower
27:47 Guard Tower
28:14 Guard Tower
28:18 Scout Tower
28:18 Scout Tower
28:20 Scout Tower
28:28 Scout Tower
28:29 Scout Tower
28:35 Guard Tower
28:58 Arcane Tower
29:08 Arcane Tower
29:23 Arcane Tower
29:25 Guard Tower
29:39 Guard Tower
29:46 Scout Tower
29:46 Scout Tower
29:47 Scout Tower
29:48 Scout Tower
29:48 Scout Tower
29:49 Scout Tower
29:54 Scout Tower
29:54 Scout Tower
29:55 Scout Tower
29:56 Scout Tower
29:56 Scout Tower
29:57 Scout Tower
30:00 Arcane Tower
31:17 Scout Tower
31:18 Scout Tower
31:19 Scout Tower
31:20 Scout Tower
31:25 Guard Tower
31:46 Scout Tower
31:54 Scout Tower
31:55 Scout Tower
31:56 Scout Tower
31:57 Scout Tower
32:17 Arcane Tower
32:26 Arcane Tower
33:04 Guard Tower
33:26 Scout Tower
33:27 Scout Tower
33:28 Scout Tower
33:28 Scout Tower
33:29 Scout Tower
33:29 Scout Tower
33:33 Scout Tower
33:34 Scout Tower
33:35 Scout Tower
33:36 Scout Tower
33:37 Scout Tower
33:37 Scout Tower
33:39 Scout Tower
33:39 Scout Tower
33:40 Scout Tower
33:41 Scout Tower
33:41 Scout Tower
33:42 Scout Tower
33:44 Scout Tower
33:44 Scout Tower
33:45 Scout Tower
33:46 Scout Tower
33:46 Scout Tower
33:48 Scout Tower
33:52 Scout Tower
33:54 Scout Tower
33:54 Scout Tower
33:55 Scout Tower
33:55 Scout Tower
33:56 Scout Tower
33:59 Guard Tower
34:06 Guard Tower
34:07 Arcane Tower
34:15 Guard Tower
34:16 Scout Tower
34:17 Scout Tower
34:18 Scout Tower
34:19 Scout Tower
34:20 Scout Tower
34:21 Scout Tower
34:22 Guard Tower
34:45 Arcane Tower
34:47 Guard Tower
34:48 Guard Tower
34:58 Guard Tower
34:59 Guard Tower
35:01 Guard Tower
35:06 Guard Tower
35:10 Guard Tower
35:21 Guard Tower
35:28 Guard Tower
35:30 Guard Tower
35:32 Guard Tower
35:34 Arcane Tower
35:42 Guard Tower
35:49 Guard Tower
35:58 Guard Tower
36:09 Guard Tower
36:14 Guard Tower
36:16 Scout Tower
36:17 Scout Tower
36:18 Scout Tower
36:19 Scout Tower
36:20 Scout Tower
36:21 Scout Tower
36:21 Scout Tower
36:22 Scout Tower
36:24 Guard Tower
36:30 Town Hall
36:37 Arcane Tower
36:51 Guard Tower
36:53 Scout Tower
36:54 Scout Tower
36:55 Scout Tower
36:55 Scout Tower
36:56 Scout Tower
36:58 Scout Tower
36:59 Scout Tower
37:00 Scout Tower
37:02 Guard Tower
37:08 Scout Tower
37:08 Scout Tower
37:09 Scout Tower
37:09 Scout Tower
37:10 Scout Tower
37:10 Scout Tower
37:16 Scout Tower
37:17 Scout Tower
37:18 Scout Tower
37:19 Scout Tower
37:23 Scout Tower
37:23 Scout Tower
37:25 Scout Tower
37:42 Guard Tower
37:53 Guard Tower
38:02 Guard Tower
38:06 Guard Tower
38:21 Scout Tower
38:22 Scout Tower
38:22 Scout Tower
38:23 Scout Tower
38:25 Scout Tower
38:26 Scout Tower
38:28 Scout Tower
38:29 Scout Tower
38:29 Scout Tower
38:30 Scout Tower
38:31 Scout Tower
38:32 Scout Tower
38:32 Scout Tower
38:33 Scout Tower
38:36 Guard Tower
38:39 Guard Tower
39:13 Guard Tower
39:17 Guard Tower
39:25 Guard Tower
39:54 Scout Tower
39:55 Scout Tower
39:56 Scout Tower
39:56 Scout Tower
40:02 Scout Tower
40:02 Scout Tower
40:03 Scout Tower
40:05 Scout Tower
40:08 Guard Tower
40:10 Scout Tower
40:10 Scout Tower
40:12 Scout Tower
40:13 Scout Tower
40:14 Scout Tower
40:15 Scout Tower
40:16 Scout Tower
40:16 Scout Tower
40:17 Scout Tower
40:19 Guard Tower
40:22 Guard Tower
40:29 Scout Tower
40:31 Scout Tower
40:32 Scout Tower
40:33 Scout Tower
40:34 Scout Tower
40:36 Guard Tower
40:43 Guard Tower
41:13 Guard Tower
41:22 Guard Tower
41:28 Scout Tower
41:30 Scout Tower
41:32 Guard Tower
41:36 Scout Tower
41:37 Guard Tower
41:57 Guard Tower
42:00 Scout Tower
42:01 Scout Tower
42:02 Scout Tower
42:03 Scout Tower
42:03 Scout Tower
42:04 Scout Tower
42:05 Scout Tower
42:09 Arcane Tower
42:11 Scout Tower
42:13 Scout Tower
42:14 Scout Tower
42:21 Guard Tower
42:23 Guard Tower
42:26 Scout Tower
42:27 Scout Tower
42:27 Scout Tower
42:28 Scout Tower
42:29 Scout Tower
42:29 Scout Tower
42:33 Guard Tower
42:39 Scout Tower
42:40 Scout Tower
42:41 Scout Tower
42:41 Scout Tower
42:53 Arcane Tower
42:54 Arcane Tower
42:56 Guard Tower
43:12 Arcane Tower
43:14 Guard Tower
43:25 Guard Tower
43:36 Guard Tower
43:39 Scout Tower
43:40 Scout Tower
43:42 Scout Tower
43:43 Scout Tower
43:44 Scout Tower
43:44 Scout Tower
43:51 Guard Tower
44:03 Scout Tower
44:04 Scout Tower
44:05 Scout Tower
44:06 Scout Tower
44:08 Arcane Tower
44:13 Scout Tower
44:13 Scout Tower
44:14 Scout Tower
44:14 Scout Tower
44:15 Scout Tower
44:15 Scout Tower
44:17 Guard Tower
44:27 Guard Tower
44:35 Guard Tower
44:38 Guard Tower
44:42 Scout Tower
44:44 Scout Tower
44:44 Scout Tower
44:45 Scout Tower
44:46 Scout Tower
44:47 Scout Tower
44:49 Scout Tower
44:50 Scout Tower
44:50 Scout Tower
44:54 Scout Tower
44:55 Scout Tower
44:55 Scout Tower
44:56 Scout Tower
44:57 Scout Tower
44:57 Scout Tower
45:01 Guard Tower
45:27 Arcane Tower
45:31 Guard Tower
45:37 Scout Tower
45:38 Scout Tower
45:39 Scout Tower
45:39 Scout Tower
45:40 Scout Tower
45:41 Scout Tower
45:44 Guard Tower
46:10 Guard Tower
46:14 Scout Tower
46:15 Scout Tower
46:16 Scout Tower
46:16 Scout Tower
46:17 Scout Tower
46:49 Guard Tower
47:07 Guard Tower
47:41 Guard Tower
47:45 Scout Tower
47:46 Scout Tower
47:46 Scout Tower
47:47 Scout Tower
47:48 Scout Tower
47:48 Scout Tower
47:52 Arcane Tower
48:38 Guard Tower
48:43 Scout Tower
48:44 Scout Tower
48:45 Scout Tower
48:46 Scout Tower
49:20 Guard Tower
49:22 Guard Tower
49:25 Scout Tower
49:26 Scout Tower
49:26 Scout Tower
49:27 Scout Tower
49:48 Arcane Tower
49:51 Arcane Tower
49:53 Guard Tower
50:09 Altar of Kings
50:24 Arcane Tower
50:34 Guard Tower
50:37 Scout Tower
50:38 Scout Tower
50:38 Scout Tower
50:39 Scout Tower
50:48 Scout Tower
50:48 Scout Tower
50:49 Scout Tower
50:50 Scout Tower
50:51 Scout Tower
50:52 Scout Tower
51:15 Guard Tower
51:20 Guard Tower
51:43 Guard Tower
51:58 Guard Tower
52:13 Scout Tower
52:14 Scout Tower
52:15 Scout Tower
52:16 Scout Tower
52:17 Scout Tower
52:17 Scout Tower
52:18 Scout Tower
52:18 Scout Tower
52:20 Scout Tower
52:20 Scout Tower
52:22 Scout Tower
52:22 Scout Tower
52:24 Scout Tower
52:25 Scout Tower
52:26 Scout Tower
52:26 Scout Tower
52:27 Scout Tower
52:28 Scout Tower
52:30 Guard Tower
52:32 Scout Tower
52:33 Scout Tower
52:34 Scout Tower
52:35 Scout Tower
52:36 Scout Tower
52:37 Scout Tower
52:38 Scout Tower
52:39 Scout Tower
52:44 Scout Tower
52:45 Scout Tower
52:46 Scout Tower
52:46 Scout Tower
52:47 Scout Tower
52:48 Scout Tower
52:48 Scout Tower
52:49 Scout Tower
52:50 Scout Tower
52:58 Scout Tower
52:58 Scout Tower
52:59 Scout Tower
53:00 Scout Tower
53:03 Scout Tower
53:03 Scout Tower
53:07 Scout Tower
53:08 Scout Tower
53:09 Scout Tower
53:10 Scout Tower
53:10 Scout Tower
53:11 Scout Tower
53:15 Guard Tower
53:37 Guard Tower
53:40 Guard Tower
53:41 Scout Tower
53:42 Scout Tower
53:43 Scout Tower
53:44 Scout Tower
53:45 Scout Tower
53:46 Scout Tower
53:48 Scout Tower
53:49 Scout Tower
53:53 Guard Tower
53:57 Guard Tower
54:01 Guard Tower
55:01 Guard Tower
55:04 Guard Tower
55:10 Guard Tower
55:14 Guard Tower
55:20 Guard Tower
55:23 Scout Tower
55:24 Scout Tower
55:27 Scout Tower
55:29 Scout Tower
55:30 Scout Tower
55:32 Scout Tower
55:33 Scout Tower
56:17 Scout Tower
56:18 Scout Tower
56:30 Guard Tower
56:37 Scout Tower
56:38 Scout Tower
56:39 Scout Tower
56:39 Scout Tower
56:43 Guard Tower
56:45 Scout Tower
56:46 Scout Tower
56:47 Scout Tower
56:47 Scout Tower
56:48 Scout Tower
56:49 Scout Tower
56:49 Scout Tower
56:51 Scout Tower
56:51 Scout Tower
56:52 Scout Tower
56:55 Scout Tower
56:55 Scout Tower
56:56 Scout Tower
56:58 Scout Tower
56:59 Scout Tower
56:59 Scout Tower
57:00 Scout Tower
57:01 Scout Tower
57:04 Guard Tower
57:06 Scout Tower
57:07 Scout Tower
57:08 Scout Tower
57:08 Scout Tower
57:09 Scout Tower
57:09 Scout Tower
57:10 Scout Tower
57:11 Scout Tower
57:27 Scout Tower
57:28 Scout Tower
57:28 Scout Tower
57:29 Scout Tower
57:29 Scout Tower
57:30 Scout Tower
57:32 Scout Tower
57:33 Scout Tower
57:34 Scout Tower
57:35 Scout Tower
57:35 Scout Tower
57:36 Scout Tower
57:37 Scout Tower
57:37 Scout Tower
57:40 Guard Tower
58:14 Guard Tower
58:17 Arcane Tower
58:42 Scout Tower
58:43 Scout Tower
58:44 Scout Tower
58:44 Scout Tower
58:45 Scout Tower
59:09 Scout Tower
59:10 Scout Tower
59:10 Scout Tower
59:11 Scout Tower
59:11 Scout Tower
59:16 Scout Tower
59:17 Scout Tower
59:19 Scout Tower
59:19 Scout Tower
59:20 Scout Tower
59:21 Scout Tower
59:25 Guard Tower
59:28 Guard Tower
60:12 Guard Tower
60:14 Scout Tower
60:15 Scout Tower
60:16 Scout Tower
60:17 Scout Tower
60:17 Scout Tower
60:19 Scout Tower
60:22 Guard Tower
60:49 Guard Tower
61:44 Guard Tower
61:46 Scout Tower
61:47 Scout Tower
61:48 Scout Tower
61:49 Scout Tower
61:51 Scout Tower
61:52 Scout Tower
61:53 Scout Tower
61:53 Scout Tower
62:20 Guard Tower
» items
                
                | Ivory Tower | 6 |  | 
| Scroll of Town Portal | 2 |  | 
| Staff of Sanctuary | 3 |  | 
| Robe of the Magi +6 | 1 |  | 
| The Lion Horn of Stormwind | 1 |  | 
| Scourge Bone Chimes | 1 |  | 
                14 total
  
               
              
              
Playgoo (
orange | 89 APM | 5543 actions | 62:21)
              
 7 Warden 
 3 Shadow Strike
 3 Blink
 1 Fan of Knives
 6 Pandaren Brewmaster 
 3 Breath of Fire
 1 Drunken Haze
 1 Drunken Brawler
 1 Storm Earth and Fire
 
                » actions 
                
                | Assign group hotkey | 11 |  | 
| Basic commands | 48 |  | 
| Build / train | 90 |  | 
| ESC pressed | 2 |  | 
| Enter build submenu | 56 |  | 
| Enter hero's abilities submenu | 13 |  | 
| Give item / drop item | 6 |  | 
| Right click | 3167 |  | 
| Select / deselect | 330 |  | 
| Select group hotkey | 1416 |  | 
| Use ability | 404 |  | 
                5543 total
 » units 
                » upgrades
                
                | Nature's Blessing | 1 |  | 
| Ultravision | 1 |  | 
| Well Spring | 1 |  | 
| Strength of the Wild | 3 |  | 
| Reinforced Hides | 3 |  | 
                9 total
 » buildings
                
                | Altar of Elders | 3 |  | 
| Moon Well | 50 |  | 
| Tree of Ages | 1 |  | 
| Hunter's Hall | 1 |  | 
| Tree of Life | 1 |  | 
| Ancient of Wonders | 3 |  | 
| Tree of Eternity | 1 |  | 
| Ancient of Wind | 1 |  | 
                61 total
 » build order
                00:04 Altar of Elders
00:18 Moon Well
01:25 Moon Well
03:55 Moon Well
03:56 Moon Well
03:58 Moon Well
06:05 Tree of Ages
06:13 Hunter's Hall
06:42 Tree of Life
09:55 Moon Well
09:56 Moon Well
09:58 Moon Well
09:58 Moon Well
10:28 Ancient of Wonders
11:29 Tree of Eternity
11:31 Moon Well
11:31 Moon Well
12:35 Ancient of Wonders
12:42 Ancient of Wonders
13:41 Ancient of Wind
14:10 Moon Well
14:11 Moon Well
16:01 Moon Well
18:35 Moon Well
31:19 Moon Well
31:20 Moon Well
31:21 Moon Well
31:23 Moon Well
35:37 Moon Well
35:37 Moon Well
35:39 Moon Well
35:40 Moon Well
38:13 Moon Well
38:15 Moon Well
38:18 Moon Well
38:25 Moon Well
38:55 Moon Well
40:46 Moon Well
40:50 Moon Well
46:54 Moon Well
46:58 Moon Well
47:00 Moon Well
47:02 Moon Well
50:06 Moon Well
50:07 Moon Well
50:07 Moon Well
50:08 Moon Well
51:13 Altar of Elders
51:14 Altar of Elders
58:57 Moon Well
58:58 Moon Well
58:59 Moon Well
59:00 Moon Well
59:02 Moon Well
59:04 Moon Well
59:05 Moon Well
61:05 Moon Well
61:06 Moon Well
61:07 Moon Well
61:08 Moon Well
61:15 Moon Well
» items
                
                | Lesser Clarity Potion | 3 |  | 
| Healing Salve | 2 |  | 
| Scroll of Speed | 1 |  | 
| Staff of Preservation | 2 |  | 
| Orb of Venom | 1 |  | 
| Robe of the Magi +6 | 2 |  | 
| Runed Bracers | 2 |  | 
| Inferno Stone | 4 |  | 
| Belt of Giant Strength +6 | 2 |  | 
| Boots of Quel'Thalas +6 | 1 |  | 
| Sobi Mask | 1 |  | 
| Potion of Healing | 1 |  | 
                22 total
  
               team 2 (loser) 
              
              
Godzilla_5000 (
pink | 84 APM | 5159 actions | 61:45)
              
 5 Death Knight 
 3 Death Coil
 2 Unholy Aura
 5 Lich 
 2 Frost Nova
 3 Frost Armor
 2 Dark Ranger 
 1 Silence
 1 Life Drain
 
                » actions 
                
                | Basic commands | 291 |  | 
| Build / train | 141 |  | 
| ESC pressed | 6 |  | 
| Enter build submenu | 48 |  | 
| Enter hero's abilities submenu | 12 |  | 
| Give item / drop item | 1 |  | 
| Right click | 2487 |  | 
| Select / deselect | 1923 |  | 
| Use ability | 250 |  | 
                5159 total
 » units 
                
                | Acolyte | 23 |  | 
| Ghoul | 6 |  | 
| Crypt Fiend | 13 |  | 
| Goblin Zeppelin | 3 |  | 
| Frost Wyrm | 10 |  | 
| Goblin Sapper | 4 |  | 
| Meatwagon | 4 |  | 
| Obsidian Statue | 1 |  | 
                64 total
 » upgrades
                
                | Freezing Breath | 1 |  | 
| Creature Attack | 3 |  | 
| Web | 1 |  | 
| Creature Carapace | 3 |  | 
                8 total
 » buildings
                
                | Crypt | 1 |  | 
| Graveyard | 1 |  | 
| Ziggurat | 30 |  | 
| Altar of Darkness | 2 |  | 
| Tomb of Relics | 1 |  | 
| Nerubian Tower | 5 |  | 
| Halls of the Dead | 3 |  | 
| Black Citadel | 4 |  | 
| Sacrificial Pit | 1 |  | 
| Boneyard | 2 |  | 
| Slaughterhouse | 5 |  | 
| Spirit Tower | 14 |  | 
                69 total
 » build order
                00:09 Crypt
00:11 Graveyard
00:38 Ziggurat
00:56 Altar of Darkness
01:45 Ziggurat
02:28 Tomb of Relics
02:41 Nerubian Tower
04:55 Halls of the Dead
04:55 Halls of the Dead
05:14 Ziggurat
07:19 Black Citadel
07:19 Black Citadel
07:19 Black Citadel
07:19 Black Citadel
08:08 Ziggurat
08:40 Sacrificial Pit
09:27 Ziggurat
09:48 Ziggurat
10:28 Boneyard
11:13 Boneyard
14:09 Ziggurat
18:26 Ziggurat
18:27 Ziggurat
20:58 Slaughterhouse
20:59 Slaughterhouse
21:02 Slaughterhouse
23:50 Ziggurat
23:51 Ziggurat
24:30 Ziggurat
24:34 Ziggurat
24:35 Ziggurat
24:36 Ziggurat
25:29 Spirit Tower
25:30 Spirit Tower
25:30 Nerubian Tower
25:32 Ziggurat
25:33 Ziggurat
25:34 Ziggurat
26:25 Spirit Tower
26:26 Spirit Tower
26:26 Spirit Tower
26:27 Spirit Tower
26:28 Spirit Tower
26:28 Spirit Tower
26:29 Spirit Tower
26:30 Spirit Tower
26:30 Spirit Tower
26:59 Ziggurat
31:39 Ziggurat
31:40 Nerubian Tower
31:41 Nerubian Tower
32:52 Slaughterhouse
32:56 Slaughterhouse
34:04 Ziggurat
34:05 Ziggurat
34:05 Ziggurat
34:07 Ziggurat
34:08 Ziggurat
46:58 Ziggurat
47:00 Ziggurat
47:05 Ziggurat
48:01 Ziggurat
48:03 Spirit Tower
48:03 Spirit Tower
48:11 Ziggurat
54:10 Altar of Darkness
» items
                
                | Dust of Appearance | 2 |  | 
| Scroll of Town Portal | 1 |  | 
| Sacrificial Skull | 2 |  | 
| Potion of Healing | 1 |  | 
                6 total
  
               
              
              
» 
oRIONS_bELT (
purple | 55 APM | 3419 actions | 62:20)
              
 5 Death Knight 
 3 Death Coil
 1 Death Pact
 1 Unholy Aura
 2 Dreadlord 
 1 Sleep
 1 Vampiric Aura
 2 Lich 
 1 Frost Nova
 1 Dark Ritual
 
                » actions 
                
                | Basic commands | 522 |  | 
| Build / train | 132 |  | 
| Enter build submenu | 44 |  | 
| Enter hero's abilities submenu | 10 |  | 
| Give item / drop item | 4 |  | 
| Right click | 1357 |  | 
| Select / deselect | 1154 |  | 
| Use ability | 196 |  | 
                3419 total
 » units 
                
                | Acolyte | 20 |  | 
| Ghoul | 6 |  | 
| Crypt Fiend | 6 |  | 
| Frost Wyrm | 16 |  | 
| Obsidian Statue | 4 |  | 
| Meatwagon | 5 |  | 
| Gargoyle | 3 |  | 
                60 total
 » upgrades
                
                | Creature Attack | 3 |  | 
| Freezing Breath | 1 |  | 
| Web | 1 |  | 
| Creature Carapace | 2 |  | 
| Unholy Armor | 1 |  | 
| Unholy Strength | 1 |  | 
| Exhume Corpses | 1 |  | 
                10 total
 » buildings
                
                | Altar of Darkness | 1 |  | 
| Ziggurat | 23 |  | 
| Crypt | 1 |  | 
| Tomb of Relics | 1 |  | 
| Nerubian Tower | 7 |  | 
| Graveyard | 2 |  | 
| Halls of the Dead | 4 |  | 
| Spirit Tower | 6 |  | 
| Black Citadel | 3 |  | 
| Sacrificial Pit | 1 |  | 
| Boneyard | 2 |  | 
| Slaughterhouse | 2 |  | 
                53 total
 » build order
                00:10 Altar of Darkness
00:16 Ziggurat
00:30 Crypt
01:21 Ziggurat
01:38 Tomb of Relics
02:04 Nerubian Tower
02:05 Nerubian Tower
02:48 Graveyard
03:54 Ziggurat
04:22 Graveyard
04:56 Halls of the Dead
04:56 Halls of the Dead
05:26 Ziggurat
05:51 Spirit Tower
05:52 Spirit Tower
05:52 Spirit Tower
07:49 Black Citadel
07:50 Black Citadel
07:50 Black Citadel
08:27 Ziggurat
08:55 Sacrificial Pit
09:18 Ziggurat
10:55 Boneyard
11:00 Boneyard
15:56 Slaughterhouse
22:14 Ziggurat
22:16 Ziggurat
29:30 Spirit Tower
29:36 Ziggurat
31:20 Slaughterhouse
38:23 Ziggurat
40:47 Ziggurat
44:19 Ziggurat
44:41 Nerubian Tower
45:55 Nerubian Tower
45:55 Nerubian Tower
46:00 Ziggurat
47:44 Spirit Tower
47:45 Spirit Tower
47:50 Ziggurat
52:51 Ziggurat
52:56 Ziggurat
53:00 Ziggurat
53:07 Ziggurat
57:31 Ziggurat
57:34 Ziggurat
57:35 Ziggurat
57:38 Ziggurat
58:52 Ziggurat
» items
                
                | Rod of Necromancy | 2 |  | 
| Dust of Appearance | 1 |  | 
| Potion of Healing | 5 |  | 
| Scroll of Town Portal | 4 |  | 
| Orb of Corruption | 2 |  | 
                14 total
  
               
              
              
» 
PhoenixClaw (
blue | 37 APM | 2305 actions | 61:49)
              
 6 Tauren Chieftain 
 3 Shockwave
 2 Endurance Aura
 1 Reincarnation
 
                » actions 
                
                | Assign group hotkey | 9 |  | 
| Basic commands | 99 |  | 
| Build / train | 103 |  | 
| ESC pressed | 1 |  | 
| Enter build submenu | 42 |  | 
| Enter hero's abilities submenu | 6 |  | 
| Give item / drop item | 4 |  | 
| Right click | 1540 |  | 
| Select / deselect | 407 |  | 
| Select group hotkey | 3 |  | 
| Use ability | 91 |  | 
                2305 total
 » units 
                
                | Peon | 20 |  | 
| Grunt | 8 |  | 
| Troll Headhunter/Berserker | 2 |  | 
| Demolisher | 25 |  | 
| Goblin Zeppelin | 1 |  | 
| Goblin Shredder | 1 |  | 
| Tauren | 9 |  | 
| Shaman | 4 |  | 
                70 total
 » upgrades
                
                | Spiked Barricades | 2 |  | 
| Armor | 3 |  | 
| Melee Weapons | 1 |  | 
| Ranged Weapons | 3 |  | 
| Burning Oil | 1 |  | 
| Shaman Training | 2 |  | 
| Pulverize | 1 |  | 
| Reinforced Defenses | 1 |  | 
                14 total
 » buildings
                
                | Orc Burrow | 6 |  | 
| Altar of Storms | 1 |  | 
| Barracks | 2 |  | 
| War Mill | 1 |  | 
| Voodoo Lounge | 1 |  | 
| Watch Tower | 24 |  | 
| Stronghold | 1 |  | 
| Fortress | 1 |  | 
| Great Hall | 2 |  | 
| Spirit Lodge | 1 |  | 
| Tauren Totem | 1 |  | 
                41 total
 » build order
                00:21 Orc Burrow
00:37 Altar of Storms
00:52 Barracks
01:45 Orc Burrow
02:34 Orc Burrow
03:32 Barracks
03:39 War Mill
04:03 Voodoo Lounge
05:11 Watch Tower
05:14 Watch Tower
07:09 Watch Tower
08:22 Stronghold
09:19 Watch Tower
09:24 Orc Burrow
12:06 Fortress
12:52 Orc Burrow
12:55 Orc Burrow
14:46 Great Hall
14:49 Watch Tower
15:02 Spirit Lodge
15:08 Tauren Totem
23:11 Great Hall
23:30 Watch Tower
34:21 Watch Tower
34:23 Watch Tower
34:26 Watch Tower
38:32 Watch Tower
38:33 Watch Tower
38:36 Watch Tower
39:58 Watch Tower
40:00 Watch Tower
40:02 Watch Tower
40:10 Watch Tower
43:54 Watch Tower
43:59 Watch Tower
44:01 Watch Tower
44:19 Watch Tower
45:51 Watch Tower
45:56 Watch Tower
47:00 Watch Tower
47:00 Watch Tower
» items
                
                | Healing Salve | 1 |  | 
| Lesser Clarity Potion | 1 |  | 
| Book of the Dead | 1 |  | 
| Talisman of the Wild | 2 |  | 
| Sobi Mask | 1 |  | 
| Belt of Giant Strength +6 | 1 |  | 
| Potion of Mana | 1 |  | 
| Inferno Stone | 1 |  | 
| Scroll of Town Portal | 1 |  | 
                10 total
  
               
              
              
» 
s.ranked (
teal | 69 APM | 4253 actions | 61:54)
              
 3 Warden 
 2 Fan of Knives
 1 Blink
 3 Demon Hunter 
 1 Immolation
 2 Evasion
 4 Priestess of the Moon 
 2 Scout
 2 Trueshot Aura
 
                » actions 
                
                | Basic commands | 331 |  | 
| Build / train | 106 |  | 
| Enter build submenu | 39 |  | 
| Enter hero's abilities submenu | 10 |  | 
| Remove unit from queue | 4 |  | 
| Right click | 2167 |  | 
| Select / deselect | 1323 |  | 
| Use ability | 272 |  | 
                4253 total
 » units 
                
                | Wisp | 20 |  | 
| Archer | 5 |  | 
| Hippogryph | 16 |  | 
| Chimaera | 25 |  | 
| Goblin Zeppelin | 8 |  | 
                74 total
 » upgrades
                
                | Strength of the Wild | 3 |  | 
| Corrosive Breath | 1 |  | 
| Reinforced Hides | 3 |  | 
| Well Spring | 1 |  | 
| Ultravision | 1 |  | 
| Vorpal Blades | 1 |  | 
| Strength of the Moon | 1 |  | 
                11 total
 » buildings
                
                | Ancient of War | 1 |  | 
| Altar of Elders | 1 |  | 
| Moon Well | 45 |  | 
| Tree of Ages | 1 |  | 
| Hunter's Hall | 1 |  | 
| Ancient of Wonders | 2 |  | 
| Ancient of Wind | 2 |  | 
| Tree of Eternity | 1 |  | 
| Chimaera Roost | 4 |  | 
| Tree of Life | 2 |  | 
                60 total
 » build order
                00:17 Ancient of War
00:19 Altar of Elders
00:34 Moon Well
01:34 Moon Well
02:35 Moon Well
03:40 Tree of Ages
04:08 Hunter's Hall
05:12 Ancient of Wonders
06:52 Ancient of Wind
07:25 Moon Well
08:27 Moon Well
08:31 Ancient of Wind
11:29 Tree of Eternity
14:15 Chimaera Roost
14:21 Moon Well
14:25 Moon Well
14:37 Moon Well
14:39 Moon Well
15:58 Chimaera Roost
16:33 Moon Well
24:37 Moon Well
29:11 Moon Well
29:13 Moon Well
31:17 Moon Well
32:08 Ancient of Wonders
35:58 Tree of Life
37:45 Moon Well
37:46 Moon Well
37:47 Moon Well
37:48 Moon Well
37:49 Moon Well
37:53 Moon Well
39:39 Moon Well
39:40 Moon Well
39:41 Moon Well
39:42 Moon Well
39:50 Moon Well
39:51 Moon Well
39:55 Moon Well
40:58 Moon Well
40:59 Moon Well
41:00 Moon Well
43:49 Moon Well
43:51 Moon Well
43:52 Moon Well
43:53 Moon Well
43:54 Moon Well
45:53 Moon Well
45:57 Moon Well
45:58 Moon Well
45:58 Moon Well
45:59 Moon Well
47:23 Moon Well
47:24 Moon Well
47:25 Moon Well
47:26 Moon Well
47:27 Moon Well
52:34 Tree of Life
53:14 Chimaera Roost
53:14 Chimaera Roost
 
                Chat log
          
(16:24 / All) butter15: hey teal hippo can't hit ground heh
(28:26 / Allies) Gobiner: gold please
(32:11 / All) butter15: roifl
(34:51 / Allies) butter15: CONVER ME
(42:39 / All) butter15: YOU LIKE TOWERS
(42:44 / All) PhoenixClaw: no
(42:45 / All) PhoenixClaw: we dont
(42:49 / All) butter15: LEAVE BY
(43:03 / All) butter15: axcuse my rudeness, capslock sorry.  i do a thing called "micro"
(43:18 / All) butter15: you lost a chim to tower teal.
(43:24 / All) butter15: thought you might be interest
(45:03 / All) oRIONS_bELT: tub and sam what should we do
(45:31 / All) PhoenixClaw: you lost a panda
(45:36 / All) PhoenixClaw: thought u might be interested
(48:07 / All) butter15: lmfao
(56:00 / All) butter15: http://highper.ch/ for all existing quality tower replays
(56:31 / All) oRIONS_bELT: can i join your clan
(56:43 / All) butter15: clan towa
(56:46 / All) butter15: auditions in january
(57:12 / All) butter15: http://highper.ch/form.png
(57:43 / All) s.ranked: turn hacks off guys
(57:52 / All) butter15: towers aint hack sorry
(57:52 / All) Playgoo: no hacks sorry
(57:55 / All) butter15: neither is skill
(57:58 / All) s.ranked: i respect the strat
(58:02 / All) s.ranked: not the hacks
(58:05 / All) Playgoo: lmao
(58:07 / All) butter15: i respect how many chimaera you lose to towers
(58:09 / All) Playgoo: sorry we legit
(58:11 / All) butter15: i mean it's like an antiskill
(58:14 / All) oRIONS_bELT: 1v1?
(58:18 / All) butter15: of course
(58:19 / All) Playgoo: ok
(59:10 / All) s.ranked: just turn off hacks guys
(59:14 / All) Playgoo: lmao
(59:21 / All) butter15: suicide more fiends hahahahahhahahahaha
(59:22 / All) Gobiner: ok
(59:26 / All) Gobiner: but first I gotta turn them on
(59:42 / All) butter15: mniss
(59:47 / All) butter15: nice coil blahaha
(60:41 / All) s.ranked: gg
(60:46 / All) butter15: leave my presence
(60:50 / All) butter15: towered like Mad.
(60:51 / All) piano: manner up 
(60:52 / All) piano: and leave
(60:53 / All) Playgoo: 1v1?
(60:59 / All) s.ranked: sure
(61:03 / All) oRIONS_bELT: yea
(61:09 / All) butter15: if we give you a gold mine
(61:10 / All) butter15: stay?
(61:14 / All) s.ranked: any time
(61:16 / All) PhoenixClaw: no
(61:16 / All) oRIONS_bELT: do you guys 1v1 tower too? lol
(61:18 / All) PhoenixClaw: fuck no
(61:21 / All) piano: stfu
(61:27 / All) butter15: blue no 1v1?
(61:29 / All) piano: you got played like a piano bitch
(61:31 / All) Playgoo: i own you 1v1 with whatever strat/race you want me to go
(61:38 / All) s.ranked: sure
(61:41 / All) s.ranked: lets go oj?
(61:47 / All) Playgoo: sure
(61:49 / All) Playgoo: leave
(61:51 / All) Gobiner: 2ez
(61:57 / All) oRIONS_bELT: leave and lets go watch
(62:02 / All) oRIONS_bELT: blue you host
(62:03 / All) Gobiner: ok
(62:04 / All) Gobiner: leave
(62:09 / All) oRIONS_bELT: leeave guys
(62:14 / All) Playgoo: lmao
(62:15 / All) butter15: leave now.